[Event "42nd Olympiad Baku 2016 Open"]
[Site "Baku"]
[Date "2016.09.03"]
[Round "2.21"]
[White "Ali, Muhammad Lutfi"]
[Black "Adams, Michael"]
[Result "1/2-1/2"]
[ECO "C95"]
[WhiteElo "2411"]
[BlackElo "2738"]
[Annotator ""]
[PlyCount "332"]
[EventDate "2016.??.??"]
[EventCountry "AZE"]
[SourceTitle "playchess.com"]
[Source "ChessBase"]
[WhiteTeam "Indonesia"]
[BlackTeam "England"]
[WhiteTeamCountry "INA"]
[BlackTeamCountry "ENG"]
[TimeControl "40/5400+30:1800+30"]

1. e4 {(00:00)} e5 {(00:00)} 2. Nf3 {(00:00)} Nc6 {
(00:00)} 3. Bb5 {(00:00)} a6 {(00:00)} 4. Ba4 {(00:
16)} Nf6 {(00:02)} 5. O-O {(00:40)} Be7 {(00:20)} 6. Re1 {
(00:14)} b5 {(00:08)} 7. Bb3 {(00:05)} d6 {(00:07)}
8. c3 {(00:31)} O-O {(00:18)} 9. h3 {(00:21)} Nb8 {
(00:22)} 10. d4 {(00:32)} Nbd7 {(00:12)} 11. Nbd2 {
(00:26)} Bb7 {(00:09)} 12. Bc2 {(00:23)} Re8 {(00:
21)} 13. Nf1 {(00:24)} Bf8 {(00:06)} 14. Ng3 {(00:14)} g6
{(00:17)} 15. a4 {(00:59)} c5 {(01:01)} 16. d5 {(
00:22)} c4 {(00:53)} 17. Bg5 {(01:14)} Bg7 {(01:16)} 18.
Qd2 {(07:49)} Nc5 {(00:28)} 19. Ra3 {(07:31)} Qc7 {
(04:22)} 20. Rea1 {(11:17)} Reb8 {(05:23)} 21. axb5 {
(10:58)} axb5 {(00:10)} 22. Rxa8 {(00:27)} Rxa8 {(
02:54)} 23. Rxa8+ {(05:24)} Bxa8 {(00:01)} 24. Bh6 {(02:
34)} Bh8 {(34:33)} 25. Kh2 {(07:03)} Bb7 {(01:23)} 26. Nh4
{(08:22)} Bc8 {(08:13)} 27. Qe3 {(10:14)} Bg7 {(10:
44)} 28. Bxg7 {(06:52)} Kxg7 {(00:02)} 29. Nhf5+ {(02:03)}
Bxf5 {(02:17)} 30. Nxf5+ {(00:05)} Kg8 {(02:44)} 31. Nh6+
{(02:26)} Kf8 {(01:11)} 32. Qf3 {(01:17)} Kg7 {(02:
38)} 33. Ng4 {(06:37)} Nxg4+ {(03:12)} 34. Qxg4 {(00:05)}
Qb6 {(10:00)} 35. Qe2 {(02:35)} Qa5 {(03:03)} 36. Qe1 {
(05:28)} Qa2 {(00:42)} 37. Qc1 {(01:11)} Nd3 {(01:
52)} 38. Bxd3 {(00:05)} cxd3 {(00:01)} 39. Qd1 {(00:49)}
Qxb2 {(01:34)} 40. Qxd3 {(00:00)} Qxf2 {(00:00)} 41. Qxb5
{(00:30)} Qf4+ {(03:18)} 42. Kh1 {(00:28)} Qc1+ {(
02:46)} 43. Kh2 {(00:04)} Qf4+ {(01:40)} 44. Kh1 {(00:04)}
Qc1+ {(00:04)} 45. Kh2 {(00:04)} Qxc3 {(00:04)} 46. Qd7 {
(02:47)} Qb4 {(01:34)} 47. Qd8 {(00:57)} h5 {(01:
42)} 48. Kh1 {(10:27)} Qxe4 {(08:27)} 49. Qxd6 {(00:04)}
Qd4 {(02:05)} 50. Qd8 {(01:38)} e4 {(07:00)} 51. d6 {
(00:28)} Qa1+ {(02:39)} 52. Kh2 {(00:08)} Qe5+ {(
00:07)} 53. Kh1 {(07:40)} e3 {(03:06)} 54. Qe7 {(00:08)}
Qe6 {(01:04)} 55. Qxe6 {(01:25)} fxe6 {(00:02)} 56. d7 {
(00:08)} e2 {(00:02)} 57. d8=Q {(00:07)} e1=Q+ {(
00:05)} 58. Kh2 {(00:04)} Qe5+ {(01:00)} 59. g3 {(02:53)}
Qc5 {(02:15)} 60. h4 {(01:45)} Kf7 {(01:27)} 61. Qd7+ {
(00:56)} Qe7 {(00:12)} 62. Qc6 {(01:17)} e5 {(00:
53)} 63. Qc4+ {(00:27)} Qe6 {(00:17)} 64. Qc7+ {(00:45)}
Kf6 {(00:07)} 65. Qd8+ {(00:31)} Qe7 {(00:53)} 66. Qh8+ {
(00:26)} Ke6 {(00:38)} 67. Qc8+ {(00:48)} Qd7 {(00:
09)} 68. Qg8+ {(00:17)} Kf5 {(00:06)} 69. Qf8+ {(00:31)}
Kg4 {(02:05)} 70. Qf2 {(06:58)} Qc6 {(01:03)} 71. Qd2 {
(01:11)} Kf5 {(01:51)} 72. Qf2+ {(00:11)} Ke6 {(00:
07)} 73. Qa2+ {(00:08)} Qd5 {(00:35)} 74. Qa6+ {(00:41)}
Qd6 {(00:42)} 75. Qc4+ {(00:26)} Kf6 {(00:07)} 76. Qe4 {
(00:26)} Qd2+ {(00:27)} 77. Kh3 {(00:16)} Qd4 {(01:
20)} 78. Qc6+ {(00:17)} Kf7 {(00:06)} 79. Qb7+ {(00:26)}
Ke6 {(00:09)} 80. Qc6+ {(00:14)} Qd6 {(00:12)} 81. Qe4 {
(00:30)} Kf7 {(00:35)} 82. Kh2 {(00:32)} Qd2+ {(00:
34)} 83. Kh3 {(00:18)} Qd7+ {(00:13)} 84. Kh2 {(00:07)}
Qf5 {(00:53)} 85. Qb7+ {(00:25)} Kf6 {(00:07)} 86. Qc6+ {
(00:13)} Qe6 {(00:09)} 87. Qf3+ {(00:05)} Kg7 {(00:
34)} 88. Qe4 {(01:27)} Qf5 {(00:29)} 89. Qb7+ {(00:10)}
Qf7 {(00:06)} 90. Qb2 {(00:44)} Qd5 {(00:13)} 91. Qc3 {
(00:44)} Kf6 {(00:07)} 92. Qb2 {(01:09)} Kf5 {(00:
38)} 93. Qc1 {(00:49)} Kf6 {(01:27)} 94. Qg5+ {(01:09)}
Kf7 {(00:07)} 95. Qe3 {(00:37)} Ke6 {(00:53)} 96. Qc1 {
(00:49)} Kd7 {(01:19)} 97. Qh6 {(00:37)} Qa2+ {(00:
19)} 98. Kh3 {(00:11)} Qe6+ {(00:14)} 99. Kg2 {(00:13)}
Qc6+ {(00:27)} 100. Kh2 {(00:17)} Qc2+ {(00:07)} 101. Kh3
{(00:19)} Ke6 {(00:13)} 102. Qh8 {(00:23)} Qc6 {(
00:45)} 103. Qg8+ {(00:10)} Kf5 {(00:32)} 104. Qf8+ {(00:
31)} Ke4 {(00:28)} 105. Qb4+ {(00:19)} Kd5 {(00:04)} 106.
Qb3+ {(00:20)} Kd6 {(00:12)} 107. Qa3+ {(00:26)} Kd7 {
(00:40)} 108. Qa7+ {(00:12)} Kc8 {(00:06)} 109. Qa1 {
(01:33)} e4 {(01:42)} 110. Qh8+ {(00:19)} Kc7 {(00:
05)} 111. Qe5+ {(00:17)} Kb6 {(00:06)} 112. Qb2+ {(00:32)}
Kc5 {(00:13)} 113. Kh2 {(01:13)} Qd5 {(01:17)} 114. Qc3+ {
(00:14)} Kb5 {(00:19)} 115. Qb2+ {(00:10)} Kc6 {(
00:12)} 116. Qc3+ {(00:44)} Qc5 {(00:13)} 117. Qf6+ {(00:
14)} Qd6 {(00:06)} 118. Qc3+ {(00:08)} Kd5 {(00:11)} 119.
Qb3+ {(00:16)} Ke5 {(00:13)} 120. Qc3+ {(00:20)} Kf5 {
(00:41)} 121. Qc8+ {(00:15)} Kf6 {(00:27)} 122. Qh8+ {
(00:13)} Ke6 {(00:13)} 123. Qe8+ {(00:22)} Kd5 {(
00:08)} 124. Qa8+ {(00:59)} Qc6 {(00:48)} 125. Qa2+ {(01:
54)} Qc4 {(00:30)} 126. Qa5+ {(00:57)} Kd4 {(01:25)} 127.
Qd2+ {(00:20)} Qd3 {(00:11)} 128. Qb2+ {(00:50)} Ke3 {
(01:50)} 129. Qb6+ {(00:18)} Kd2 {(00:15)} 130. Qxg6 {
(01:26)} e3 {(00:48)} 131. Qg5 {(00:15)} Ke1 {(01:
21)} 132. Qe5 {(00:46)} Qe2+ {(01:18)} 133. Kg1 {(00:16)}
Qf2+ {(01:17)} 134. Kh1 {(00:04)} Qf3+ {(00:02)} 135. Kh2
{(00:42)} Kf2 {(01:12)} 136. Qb2+ {(00:07)} Qe2 {(
00:13)} 137. Qb7 {(00:45)} Qd2 {(01:10)} 138. Qe4 {(01:12]
} Ke1+ {(01:20)} 139. Kh3 {(00:26)} Qd7+ {(00:45)} 140.
Kg2 {(00:12)} Qd2+ {(00:02)} 141. Kh3 {(00:05)} e2 {
(00:31)} 142. Kg2 {(00:34)} Qb2 {(00:28)} 143. Qd5 {
(00:49)} Qc3 {(00:49)} 144. Qd6 {(00:40)} Qb3 {(00:
46)} 145. Qd4 {(00:24)} Qb7+ {(00:05)} 146. Kg1 {(00:08)}
Qb3 {(01:17)} 147. Kg2 {(00:14)} Qa3 {(00:16)} 148. Qd5 {
(01:12)} Qc3 {(00:27)} 149. Qd6 {(00:42)} Qd2 {(00:
12)} 150. Qe5 {(00:23)} Kd1 {(00:38)} 151. Qa1+ {(00:24)}
Qc1 {(00:05)} 152. Qd4+ {(00:21)} Qd2 {(00:54)} 153. Qa1+
{(00:05)} Kc2 {(00:02)} 154. Qa2+ {(00:13)} Kd1 {(
00:17)} 155. Qa1+ {(00:31)} Qc1 {(00:24)} 156. Qd4+ {(00:
06)} Ke1 {(00:06)} 157. Qd5 {(00:35)} Qa3 {(00:33)} 158.
Qd4 {(00:38)} Qa5 {(01:55)} 159. Kg1 {(00:38)} Qf5 {
(00:32)} 160. Qa1+ {(01:05)} Kd2 {(00:01)} 161. Qb2+ {
(00:22)} Ke3 {(00:35)} 162. Qc3+ {(00:12)} Qd3 {(
00:07)} 163. Qe5+ {(00:15)} Kd2 {(00:45)} 164. Qb2+ {(00:
29)} Kd1 {(00:22)} 165. Qa1+ {(00:20)} Kc2 {(00:07)} 166.
Kf2 {(01:45)} Qd2 {(01:26)} 1/2-1/2

[Event "42nd Olympiad Baku 2016 Open"]
[Site "Baku"]
[Date "2016.09.03"]
[Round "2.11"]
[White "Almasi, Zoltan"]
[Black "Kreisl, Robert"]
[Result "1-0"]
[ECO "B10"]
[WhiteElo "2684"]
[BlackElo "2448"]
[Annotator ""]
[PlyCount "159"]
[EventDate "2016.??.??"]
[EventCountry "AZE"]
[SourceTitle "playchess.com"]
[Source "ChessBase"]
[WhiteTeam "Hungary"]
[BlackTeam "Austria"]
[WhiteTeamCountry "HUN"]
[BlackTeamCountry "AUT"]
[TimeControl "40/5400+30:1800+30"]

1. e4 {(00:00)} c6 {(00:00)} 2. Nc3 {(00:10)} d5 {(
00:00)} 3. Nf3 {(00:09)} dxe4 {(05:10)} 4. Nxe4 {(00:05)}
Nf6 {(00:04)} 5. Nxf6+ {(01:03)} exf6 {(00:05)} 6. Bc4 {
(06:11)} Bd6 {(00:06)} 7. O-O {(06:31)} O-O {(00:
06)} 8. d4 {(00:12)} Re8 {(04:53)} 9. c3 {(02:22)} Bg4 {
(07:26)} 10. h3 {(01:15)} Bh5 {(00:32)} 11. Be2 {(
23:23)} Nd7 {(04:22)} 12. Re1 {(00:12)} f5 {(08:01)} 13.
Bd2 {(08:36)} Nf6 {(08:26)} 14. Bg5 {(01:29)} h6 {(
02:20)} 15. Bxf6 {(00:04)} Qxf6 {(00:05)} 16. Nd2 {(01:25]
} Bg6 {(05:44)} 17. Bf3 {(05:56)} Re7 {(05:38)} 18. Rxe7 {
(01:59)} Qxe7 {(00:07)} 19. Qe1 {(02:31)} Qd7 {(02:
14)} 20. Nc4 {(03:04)} Re8 {(01:24)} 21. Qd2 {(00:45)} Bc7
{(00:12)} 22. Re1 {(00:33)} Rxe1+ {(00:41)} 23. Qxe1 {
(00:03)} f6 {(06:07)} 24. Bd1 {(02:32)} b5 {(05:38]
} 25. Nd2 {(00:47)} Qd6 {(00:14)} 26. Bb3+ {(02:02)} Kf8 {
(00:07)} 27. Nf1 {(00:46)} Bf7 {(04:41)} 28. Qd1 {(
03:41)} Bxb3 {(09:15)} 29. Qxb3 {(12:07)} g6 {(00:18)} 30.
a4 {(00:19)} a6 {(00:09)} 31. axb5 {(02:41)} axb5 {
(00:32)} 32. Qa2 {(00:06)} h5 {(04:36)} 33. g3 {(
06:17)} f4 {(08:23)} 34. gxf4 {(00:49)} Qd7 {(01:36)} 35.
Qa8+ {(02:03)} Ke7 {(05:30)} 36. Qg8 {(01:49)} Qf5 {
(00:57)} 37. Qg7+ {(01:19)} Kd8 {(00:35)} 38. Ng3 {
(00:49)} Qxf4 {(00:20)} 39. Qxg6 {(01:52)} h4 {(00:
36)} 40. Nf1 {(00:00)} Bd6 {(00:00)} 41. Qg7 {(12:54)} c5
{(08:24)} 42. Qg8+ {(06:28)} Kc7 {(01:28)} 43. Qd5 {
(00:04)} cxd4 {(01:06)} 44. cxd4 {(00:03)} b4 {(01:
02)} 45. b3 {(00:38)} f5 {(02:14)} 46. Qf7+ {(09:21)} Kc6
{(06:42)} 47. Qe8+ {(00:24)} Kd5 {(02:19)} 48. Ne3+ {
(01:33)} Kxd4 {(00:22)} 49. Qc6 {(01:53)} Ke5 {(04:
13)} 50. Qb5+ {(00:42)} Kd4 {(01:05)} 51. Kf1 {(01:07)}
Qf3 {(03:23)} 52. Qc4+ {(00:51)} Ke5 {(00:11)} 53. Qxh4 {
(00:09)} Bc5 {(02:12)} 54. Qh8+ {(01:02)} Kf4 {(01:
41)} 55. Qh6+ {(01:12)} Ke5 {(00:02)} 56. Qh8+ {(00:36)}
Kf4 {(00:02)} 57. Qh4+ {(00:33)} Ke5 {(00:02)} 58. Nc4+ {
(00:07)} Ke6 {(01:17)} 59. Qh6+ {(01:04)} Kd5 {(00:
27)} 60. Ne3+ {(00:10)} Ke5 {(00:58)} 61. Qg7+ {(00:16)}
Ke6 {(00:46)} 62. Qg8+ {(00:49)} Ke5 {(02:47)} 63. Qe8+ {
(00:25)} Kf6 {(00:39)} 64. Qd8+ {(00:27)} Kg6 {(00:
17)} 65. Qg8+ {(00:42)} Kf6 {(00:14)} 66. Qg2 {(00:39)}
Qxg2+ {(00:15)} 67. Kxg2 {(00:01)} Ke5 {(00:10)} 68. Kf3 {
(00:12)} Kd4 {(01:31)} 69. Nxf5+ {(00:46)} Kc3 {(
00:01)} 70. h4 {(00:29)} Kxb3 {(00:05)} 71. h5 {(00:08)}
Kc2 {(01:45)} 72. h6 {(00:05)} b3 {(00:06)} 73. h7 {
(00:18)} b2 {(00:16)} 74. h8=Q {(00:05)} b1=Q {(00:
05)} 75. Ne3+ {(00:22)} Kd2 {(00:15)} 76. Nc4+ {(01:55)}
Kc2 {(01:39)} 77. Qh7+ {(00:05)} Kc1 {(00:06)} 78. Qh6+ {
(00:05)} Kc2 {(00:39)} 79. Qg6+ {(00:03)} Kc1 {(00:
34)} 80. Qg5+ {(00:03)} 1-0

[Event "42nd Olympiad Baku 2016 Open"]
[Site "Baku"]
[Date "2016.09.03"]
[Round "2.1"]
[White "Al-Modiahki, Mohamad"]
[Black "Volodin, Aleksandr"]
[Result "1/2-1/2"]
[ECO "B31"]
[WhiteElo "2550"]
[BlackElo "2473"]
[Annotator ""]
[PlyCount "81"]
[EventDate "2016.??.??"]
[EventCountry "AZE"]
[SourceTitle "playchess.com"]
[Source "ChessBase"]
[WhiteTeam "Qatar"]
[BlackTeam "Estonia"]
[WhiteTeamCountry "QAT"]
[BlackTeamCountry "EST"]
[TimeControl "40/5400+30:1800+30"]

1. e4 {(00:00)} c5 {(00:00)} 2. Nf3 {(00:00)} Nc6 {
(00:00)} 3. Bb5 {(01:46)} g6 {(00:00)} 4. O-O {(00:
48)} Bg7 {(02:13)} 5. Bxc6 {(09:00)} dxc6 {(01:43)} 6. d3
{(00:55)} b6 {(02:50)} 7. a4 {(13:32)} a5 {(01:24)}
8. Na3 Qc7 {(09:38)} 9. e5 {(27:03)} Bg4 {(18:25)} 10. h3
{(00:24)} Bxf3 {(16:22)} 11. Qxf3 {(00:04)} Nh6 {(
11:19)} 12. Bf4 {(03:35)} O-O {(05:31)} 13. e6 {(16:29)}
Qb7 {(00:39)} 14. Bxh6 {(00:52)} Bxh6 {(00:10)} 15. exf7+
{(02:09)} Rxf7 {(00:05)} 16. Qe4 {(00:06)} Bg7 {(
04:51)} 17. Nc4 {(00:22)} Qc7 {(00:14)} 18. Rae1 {(08:53)}
Rd8 {(01:20)} 19. Qe6 {(03:11)} Kf8 {(07:42)} 20. b3 {
(01:46)} Bd4 {(01:57)} 21. Kh1 {(02:01)} Rf6 {(01:
28)} 22. Qe2 {(00:38)} Bc3 {(02:00)} 23. Nd2 {(00:30)} Rd5
{(04:00)} 24. Rd1 {(04:15)} Bxd2 {(00:17)} 25. Qxd2 {
(00:04)} Qf4 {(00:21)} 26. Qxf4 {(00:22)} Rxf4 {(
00:05)} 27. g3 {(01:01)} Rff5 {(02:16)} 28. Kg2 {(00:28)}
Kf7 {(00:25)} 29. Rde1 {(01:27)} Rfe5 {(01:15)} 30. f4 {
(01:08)} Rxe1 {(00:23)} 31. Rxe1 {(00:01)} Kf6 {(
00:10)} 32. Kf3 {(01:58)} h5 {(02:06)} 33. Re3 {(00:26)}
Rd8 {(03:21)} 34. Ke2 {(01:07)} Rd4 {(00:22)} 35. h4 {
(00:20)} Rd5 {(01:02)} 36. Kf3 {(00:33)} e6 {(00:
37)} 37. Ke2 {(00:27)} Kf5 {(00:38)} 38. c4 {(00:31)} Rd7
{(01:05)} 39. Re5+ {(00:02)} Kf6 {(00:13)} 40. Ke3 {
(00:00)} Rd8 {(00:00)} 41. Ke2 {(03:06] Kxe5} 1/2-1/2

[Event "42nd Olympiad Baku 2016 Open"]
[Site "Baku"]
[Date "2016.09.03"]
[Round "2.15"]
[White "Ameir, Moheb"]
[Black "Ortiz Suarez, Isan Reynaldo"]
[Result "0-1"]
[ECO "B51"]
[WhiteElo "2431"]
[BlackElo "2581"]
[Annotator ""]
[PlyCount "78"]
[EventDate "2016.??.??"]
[EventCountry "AZE"]
[SourceTitle "playchess.com"]
[Source "ChessBase"]
[WhiteTeam "Egypt"]
[BlackTeam "Cuba"]
[WhiteTeamCountry "EGY"]
[BlackTeamCountry "CUB"]
[TimeControl "40/5400+30:1800+30"]

1. e4 {(00:00)} c5 {(00:00)} 2. Nf3 {(00:00)} d6 {(
00:00)} 3. Bb5+ {(00:00)} Nd7 {(00:12)} 4. O-O {(00:20)}
a6 {(00:05)} 5. Bd3 {(00:04)} Ngf6 {(00:07)} 6. Re1 {
(00:17)} g6 {(01:10)} 7. c3 {(00:19)} Bg7 {(00:10)}
8. Bc2 {(00:42)} O-O {(00:38)} 9. d4 {(00:03)} e5 {
(00:15)} 10. a4 {(05:51)} b6 {(05:48)} 11. Na3 {(
11:49)} Qc7 {(02:07)} 12. Bg5 h6 {(03:31)} 13. Bh4 {(18:
11)} Bb7 {(05:21)} 14. dxe5 {(03:21)} Nxe5 {(15:18)} 15.
Nxe5 {(08:00)} dxe5 {(00:06)} 16. Bxf6 {(00:10)} Bxf6 {
(00:06)} 17. Bb3 {(00:42)} Rfd8 {(11:05)} 18. Qe2 {
(03:56)} Rd7 {(13:49)} 19. Red1 {(11:24)} Rad8 {(
00:25)} 20. Rxd7 {(00:42)} Rxd7 {(00:05)} 21. Bc4 {(08:04]
} Qd8 {(08:25)} 22. Qg4 {(14:04)} Kg7 {(00:50)} 23. Nc2 {
(01:14)} h5 {(06:01)} 24. Qf3 {(00:12)} Bg5 {(00:
08)} 25. h4 {(04:59)} Bh6 {(00:17)} 26. Re1 {(06:44)} f5 {
(03:35)} 27. Bd5 {(00:17)} Bxd5 {(00:16)} 28. exd5 {
(00:02)} Rxd5 {(00:20)} 29. c4 {(00:14)} Rd2 {(01:
57)} 30. Qc3 {(00:38)} Kh7 {(00:34)} 31. Rxe5 {(01:25)}
Bg7 {(00:12)} 32. Ne3 {(00:32)} Rd3 {(00:34)} 33. Re8 {
(01:29)} Bxc3 {(00:14)} 34. Rxd8 {(00:04)} Rxd8 {(
00:04)} 35. bxc3 {(00:03)} Rd3 {(00:20)} 36. Nd5 {(00:53)}
b5 {(00:21)} 37. axb5 {(00:52)} axb5 {(00:04)} 38. Nf4 {
(00:52)} Rd1+ {(00:22)} 39. Kh2 {(00:01)} b4 {(00:
16)} 0-1

[Event "42nd Olympiad Baku 2016 Open"]
[Site "Baku"]
[Date "2016.09.03"]
[Round "2.13"]
[White "Amin, Bassem"]
[Black "Dominguez Perez, Leinier"]
[Result "0-1"]
[ECO "A08"]
[WhiteElo "2661"]
[BlackElo "2720"]
[Annotator ""]
[PlyCount "70"]
[EventDate "2016.??.??"]
[EventCountry "AZE"]
[SourceTitle "playchess.com"]
[Source "ChessBase"]
[WhiteTeam "Egypt"]
[BlackTeam "Cuba"]
[WhiteTeamCountry "EGY"]
[BlackTeamCountry "CUB"]
[TimeControl "40/5400+30:1800+30"]

1. Nf3 {(00:00)} Nf6 {(01:34)} 2. g3 {(00:04)} d5 {
(00:59)} 3. Bg2 {(00:21)} e6 {(00:09)} 4. O-O {(00:
10)} Be7 {(00:06)} 5. d3 {(00:08)} O-O {(00:08)} 6. Nbd2 {
(00:12)} c5 {(01:29)} 7. e4 {(00:08)} Nc6 {(00:09)}
8. Re1 {(00:06)} b5 {(00:35)} 9. e5 {(00:07)} Nd7 {
(00:07)} 10. Nf1 {(00:23)} Bb7 {(00:21)} 11. h4 {(
00:12)} Qc7 {(00:14)} 12. Bf4 {(00:13)} Rfc8 {(00:11)} 13.
N1h2 {(02:48)} Qd8 {(00:46)} 14. c3 {(03:08)} a5 {(
03:24)} 15. a4 {(15:07)} Ba6 {(16:16)} 16. axb5 {(02:08)}
Bxb5 {(00:07)} 17. b3 {(06:40)} Nb6 {(01:34)} 18. Ng5 {
(08:01)} h6 {(15:27)} 19. Nh3 {(01:13)} a4 {(12:02]
} 20. bxa4 {(11:23)} Nxa4 {(07:24)} 21. c4 {(02:07)} dxc4
{(00:15)} 22. Qg4 {(01:48)} cxd3 {(05:59)} 23. Bxh6 {
(00:12)} Bf8 {(00:27)} 24. Nf4 {(11:20)} Ne7 {(16:
17)} 25. Bg5 {(05:52)} d2 {(10:24)} 26. Red1 {(01:19)} Nc3
{(00:01)} 27. Bxa8 {(04:16)} Nxd1 {(01:36)} 28. Rxd1 {
(06:23)} Rxa8 {(00:01)} 29. Nf3 {(04:37)} Ra1 {(01:
19)} 30. Nxd2 {(01:24)} Qd4 {(00:42)} 31. Nb1 {(12:53)}
Qxe5 {(01:08)} 32. Kh2 {(00:42)} Bc6 {(01:56)} 33. Nh5 {
(00:33)} Qe4 {(01:54)} 34. Qxe4 {(00:31)} Bxe4 {(
00:05)} 35. Re1 {(00:28)} Bg6 {(00:28)} 0-1

[Event "42nd Olympiad Baku 2016 Open"]
[Site "Baku"]
[Date "2016.09.03"]
[Round "2.2"]
[White "Atabayev, Yusup"]
[Black "Kramnik, Vladimir"]
[Result "0-1"]
[ECO "C65"]
[WhiteElo "2453"]
[BlackElo "2808"]
[Annotator ""]
[PlyCount "78"]
[EventDate "2016.??.??"]
[EventCountry "AZE"]
[SourceTitle "playchess.com"]
[Source "ChessBase"]
[WhiteTeam "Turkmenistan"]
[BlackTeam "Russia"]
[WhiteTeamCountry "TKM"]
[BlackTeamCountry "RUS"]
[TimeControl "40/5400+30:1800+30"]

1. e4 {(00:00)} e5 {(00:00)} 2. Nf3 {(00:00)} Nc6 {
(00:00)} 3. Bb5 {(00:44)} Nf6 {(00:01)} 4. Bxc6 {(
00:33)} dxc6 {(00:36)} 5. d3 {(00:05)} Bd6 {(01:45)} 6. h3
{(02:51)} Be6 {(03:02)} 7. Nc3 {(02:43)} Qe7 {(03:
40)} 8. Qe2 {(07:03)} O-O-O {(02:09)} 9. Bd2 {(01:37)} h6
{(04:29)} 10. O-O-O {(02:34)} Kb8 {(02:50)} 11. Kb1 {
(02:39)} Rhe8 {(04:00)} 12. g4 {(06:16)} Bc8 {(04:
21)} 13. Rdg1 {(02:22)} Nd7 {(02:58)} 14. Nd1 {(00:20)}
Nc5 {(04:39)} 15. Ne3 {(00:15)} Ne6 {(03:18)} 16. Nf5 {
(04:36)} Qf8 {(04:11)} 17. Qe1 {(05:55)} f6 {(03:
08)} 18. h4 {(02:50)} Bc5 {(01:25)} 19. h5 {(04:20)} Qf7 {
(07:26)} 20. Rg3 {(06:41)} b5 {(03:20)} 21. Ng1 {(
01:52)} Bb6 {(04:41)} 22. Ne2 {(01:48)} c5 {(01:05)} 23.
Rf1 {(05:37)} Bb7 {(03:31)} 24. Nc1 {(05:39)} Rd7 {
(05:06)} 25. Nh4 {(08:56)} Red8 {(01:58)} 26. Be3 {
(03:10)} c4 {(01:36)} 27. Bxb6 {(01:53)} axb6 {(00:
57)} 28. Ng6 {(00:44)} Nc5 {(02:32)} 29. Qe2 {(01:37)}
cxd3 {(05:52)} 30. cxd3 {(00:04)} Rd4 {(04:11)} 31. f4 {
(02:14)} exf4 {(09:48)} 32. Nxf4 {(00:06)} b4 {(00:
38)} 33. Re3 {(03:19)} Qd7 {(02:03)} 34. Qf3 {(00:54)} Qa4
{(01:47)} 35. Nfe2 {(03:33)} Rxd3 {(01:57)} 36. Nxd3 {
(01:41)} Rxd3 {(00:09)} 37. Ng3 {(00:11)} Ba6 {(01:
04)} 38. b3 {(03:08)} Qa3 {(00:22)} 39. Rd1 {(00:25)} Na4
{(00:14)} 0-1

[Event "42nd Olympiad Baku 2016 Open"]
[Site "Baku"]
[Date "2016.09.03"]
[Round "2.19"]
[White "Babula, Vlastimil"]
[Black "Hjartarson, Johann"]
[Result "1-0"]
[ECO "E12"]
[WhiteElo "2540"]
[BlackElo "2545"]
[Annotator ""]
[PlyCount "69"]
[EventDate "2016.??.??"]
[EventCountry "AZE"]
[SourceTitle "playchess.com"]
[Source "ChessBase"]
[WhiteTeam "Czech Republic"]
[BlackTeam "Iceland"]
[WhiteTeamCountry "CZE"]
[BlackTeamCountry "ISL"]
[TimeControl "40/5400+30:1800+30"]

1. d4 {(00:00)} Nf6 {(00:00)} 2. c4 {(00:00)} e6 {(
00:00)} 3. Nf3 {(00:12)} b6 {(00:10)} 4. Bf4 {(00:17)} Bb7
{(03:25)} 5. e3 {(00:35)} Bb4+ {(09:50)} 6. Nfd2 {(
02:18)} O-O {(00:13)} 7. a3 {(00:50)} Bxd2+ {(07:26)} 8.
Nxd2 {(02:50)} d6 {(00:52)} 9. Be2 {(01:58)} Nbd7 {
(02:29)} 10. O-O {(01:36)} a5 {(01:09)} 11. Re1 {(
09:30)} a4 {(05:15)} 12. Bd3 {(14:55)} Ra5 {(03:00)} 13.
e4 {(02:19)} e5 {(02:29)} 14. Be3 {(00:34)} Re8 {(
00:46)} 15. d5 {(05:31)} Nc5 {(19:49)} 16. Bc2 {(03:16)}
Nfd7 {(00:18)} 17. Nb1 {(02:20)} c6 {(07:00)} 18. Nc3 {
(11:18)} cxd5 {(00:19)} 19. cxd5 {(01:45)} Qa8 {(
05:58)} 20. Rc1 {(02:31)} Rc8 {(03:16)} 21. Bd2 {(02:57)}
Rc7 {(05:05)} 22. Na2 {(10:17)} Ra7 {(00:14)} 23. Bb4 {
(05:19)} b5 {(04:04)} 24. Bd3 {(03:28)} Ba6 {(01:
59)} 25. Bf1 {(00:39)} Rc8 {(02:14)} 26. Rc2 {(02:03)} Qb8
{(00:52)} 27. Bd2 {(06:21)} Nf6 {(07:01)} 28. Nb4 {
(03:02)} Qb6 {(04:12)} 29. Nc6 {(00:52)} Rd7 {(00:
42)} 30. Ba5 {(01:03)} Qb7 {(00:07)} 31. f3 {(00:49)} Qa8
{(00:36)} 32. Bb4 {(00:46)} Nb3 {(00:32)} 33. Kh1 {
(00:59)} Qb7 {(00:28)} 34. g3 {(00:38)} Qb6 {(01:
07)} 35. Bh3 {(00:35)} 1-0

[Event "42nd Olympiad Baku 2016 Open"]
[Site "Baku"]
[Date "2016.09.03"]
[Round "2.34"]
[White "Bachmann, Axel"]
[Black "Gomez, John Paul"]
[Result "1-0"]
[ECO "D11"]
[WhiteElo "2641"]
[BlackElo "2492"]
[Annotator ""]
[PlyCount "73"]
[EventDate "2016.??.??"]
[EventCountry "AZE"]
[SourceTitle "playchess.com"]
[Source "ChessBase"]
[WhiteTeam "Paraguay"]
[BlackTeam "Philippines"]
[WhiteTeamCountry "PAR"]
[BlackTeamCountry "PHI"]
[TimeControl "40/5400+30:1800+30"]

1. d4 {(00:00)} d5 2. c4 c6 {(00:00)} 3. Nf3 {(00:01)} Nf6
{(00:09)} 4. Qb3 {(00:05)} dxc4 5. Qxc4 {(02:27)} Bf5 {
(01:06)} 6. g3 {(00:06)} e6 {(00:10)} 7. Bg2 {(00:
03)} Be7 {(00:11)} 8. O-O {(00:07)} O-O {(00:15)} 9. e3 {
(00:03)} Nbd7 {(00:20)} 10. Rd1 {(02:02)} h6 {(02:
19)} 11. Qe2 {(05:27)} Qc7 {(03:28)} 12. Nc3 Ne4 {(01:24)}
13. Ne1 {(10:12)} Nxc3 {(01:46)} 14. bxc3 {(00:05)} Rfe8 {
(08:18)} 15. e4 {(10:30)} Bh7 {(01:27)} 16. Be3 e5 {
(09:14)} 17. a4 {(10:27)} Bf8 {(00:30)} 18. f3 {(
07:06)} f5 19. dxe5 Nxe5 {(19:30)} 20. f4 {(05:47)} Ng4 {(
00:36)} 21. e5 {(01:19)} Nxe3 {(12:00)} 22. Qxe3 {(00:05)}
Qb6 {(00:30)} 23. Nc2 {(00:30)} Bc5 {(06:03)} 24. Nd4 {
(00:08)} a5 {(03:29)} 25. Kh1 {(02:32)} Kh8 {(06:
21)} 26. Rab1 {(00:41)} Qa7 {(00:30)} 27. Qe2 {(01:11)}
Re7 {(04:17)} 28. Bh3 {(16:36)} Rf8 {(04:47)} 29. Nxf5 {
(02:26)} Bxf5 {(00:50)} 30. Bxf5 {(00:04)} Rxf5 {(
00:14)} 31. Rd8+ {(00:12)} Kh7 {(00:14)} 32. Qe4 {(00:49)}
g6 {(00:45)} 33. g4 {(00:07)} Rf6 {(02:24)} 34. f5 {
(12:05)} Qa6 {(04:37)} 35. Rbd1 {(05:44)} gxf5 {(
01:18)} 36. gxf5 {(00:13)} Bd6 {(02:30)} 37. Rg1 {(01:36)}
1-0